Map: Lightshade LE

Players

SpeCial

  • Race: Terran Terran
  • Spawn Location: 5:00

INnoVation - Winner!

  • Race: Terran Terran
  • Spawn Location: 11:00

Event: IEM Katowice 2021

VOD

Have the link to the VOD?

Description

Time

  • Played on: Feb. 23, 2021, 9:22 a.m.
  • Length: 12:47

All games in this series

Show
View Real Time Build Order
Export as new Build Order

SpeCial Terran 

Build Orders: Reaper Expand 

Get SALT Encoding   

  12  0:00  SCV  
  13  0:12  SCV  
  14  0:17  Supply Depot  
  14  0:24  SCV  
  15  0:39  SCV  
  15  0:41  Barracks  
  16  0:44  Refinery  
  16  0:51  SCV  
  17  1:03  SCV  
  18  1:15  SCV  
  19  1:28  Reaper, Orbital Command  
  20  1:39  Command Center  
  20  1:48  Supply Depot  
  20  1:54  SCV  
  21  2:00  Marine  
  22  2:04  Factory  
  22  2:06  SCV  
  23  2:12  Refinery  
  23  2:18  SCV  
  23  2:21  Barracks Reactor  
  24  2:30  SCV  
  25  2:42  SCV  
  26  2:48  Hellion, Starport  
  26  2:51  Orbital Command  
  28  2:54  SCV  
  29  3:00  Marine x2  
  30  3:06  SCV  
  30  3:09  Factory Tech Lab  
  31  3:16  SCV  
  31  3:17  Marine  
  31  3:18  Marine  
  31  3:19  SCV  
  35  3:28  SCV  
  35  3:31  SCV  
  37  3:34  Raven  
  37  3:36  Marine x2, Factory Tech Lab  
  37  3:38  Supply Depot  
  37  3:41  SCV  
  42  3:43  SCV  
  43  3:53  SCV  
  43  3:55  SCV  
  45  4:00  Siege Tank  
  45  4:01  Command Center  
  48  4:04  Marine, Supply Depot  
  48  4:05  SCV  
  48  4:07  Marine  
  48  4:09  SCV  
  52  4:15  Supply Depot  
  52  4:20  SCV  
  52  4:22  SCV  
  54  4:32  SCV, Barracks  
  54  4:34  Barracks, Siege Tank  
  54  4:36  Marine  
  59  4:39  SCV  
  59  4:42  Stimpack  
  59  4:44  SCV  
  61  4:48  Starport Reactor  
  61  4:51  SCV  
  62  4:54  Marine  
  62  4:56  SCV  
  62  4:58  Refinery  
  64  5:01  Supply Depot, Refinery  
  64  5:03  SCV  
  65  5:08  SCV  
  65  5:12  Marine  
  66  5:15  SCV  
  66  5:16  Siege Tank  
  66  5:17  Orbital Command  
  66  5:20  SCV, Marine x2  
  73  5:26  Marine  
  73  5:27  SCV  
  75  5:30  Marine, Bunker  
  75  5:32  SCV  
  75  5:33  Medivac  
  79  5:38  Marine x2  
  79  5:39  SCV  
  79  5:40  Medivac  
  79  5:41  Supply Depot  
  84  5:44  Marine  
  84  5:45  SCV  
  84  5:48  Marine  
  87  5:55  Engineering Bay  
  87  5:56  Marine  
  88  5:58  Marine, Engineering Bay  
  88  6:01  Siege Tank  
  88  6:02  Marine  
  91  6:06  Marine  
  86  6:13  Marine  
  86  6:16  Marine  
  88  6:19  SCV  
  88  6:20  SCV  
  88  6:24  Marine  
  88  6:25  Terran Infantry Weapons Level 1, Terran Infantry Armor Level 1  
  91  6:28  Marine x2  
  94  6:33  Starport Reactor  
  94  6:35  Supply Depot x2  
  94  6:37  Supply Depot, Siege Tank  
  98  6:42  Marine  
  98  6:46  Marine x2  
  96  7:00  Marine  
  88  7:04  Marine x2  
  88  7:07  SCV  
  74  7:09  Siege Tank  
  74  7:18  Medivac x2, Marine  
  74  7:22  Marine x2  
  74  7:24  Orbital Command  
  74  7:25  SCV x2  
  71  7:36  Barracks x3  
  70  7:40  Marine x2  
  70  7:41  Siege Tank  
  70  7:43  Barracks Tech Lab  
  72  7:50  SCV  
  72  7:51  SCV x2  
  79  7:56  Armory  
  79  7:57  Marine  
  79  7:58  Marine, Viking  
  81  7:59  Viking  
  81  8:03  SCV x3, Marine  
  81  8:04  Combat Shield  
  85  8:15  SCV x3, Marine x2  
  85  8:17  Siege Tank  
  93  8:21  Marine  
  93  8:23  Sensor Tower  
  93  8:24  Barracks Reactor x2  
  93  8:26  Barracks Reactor  
  94  8:27  SCV x3  
  94  8:33  Marine x2  
  99  8:39  SCV, Marine  
  101  8:42  Medivac x2  
  100  8:51  Marine x2  
  100  8:57  Marine  
  100  9:00  Marine  
  100  9:02  Orbital Command  
  102  9:04  Marine x2  
  102  9:08  SCV x2  
  102  9:09  Marine x2  
  108  9:11  Terran Infantry Weapons Level 2  
  108  9:12  Medivac, Marine x3  
  108  9:14  Marine  
  114  9:18  Supply Depot, Marine  
  114  9:19  Supply Depot  
  114  9:20  SCV  
  114  9:22  Marine  
  117  9:26  SCV, Marine x2  
  117  9:27  Marine  
  117  9:28  SCV  
  117  9:29  Marine  
  117  9:30  Marine x2  
  125  9:36  Terran Infantry Armor Level 2  
  125  9:40  SCV x2, Marine x3  
  125  9:44  Marine x3  
  133  9:47  Marine x2  
  133  9:48  Marine  
  136  9:55  Siege Tank  
  136  9:58  Marine x2  
  141  10:04  Marine x4, Supply Depot x2  
  141  10:06  Medivac x2  
  149  10:14  Refinery  
  149  10:15  Sensor Tower  
  149  10:16  Refinery  
  149  10:17  Marine  
  149  10:25  Marine x4  
  153  10:33  Marine  
  153  10:34  Marine  
  153  10:35  Marine  
  147  10:38  Marine, Siege Tank  
  147  10:40  Marine  
  145  10:43  Marine x2  
  145  10:44  Medivac x2  
  145  10:49  Marine  
  148  10:51  Marine  
  148  10:52  Marine  
  148  10:53  Marine  
  148  11:00  Marine  
  148  11:07  Marine  
  148  11:08  Marine  
  148  11:09  Marine  
  148  11:11  Marine  
  144  11:16  Siege Tank  
  145  11:18  Marine  
  145  11:22  Medivac x2  
  145  11:25  Marine  
  149  11:26  Marine  
  149  11:27  Marine  
  149  11:28  Marine  
  152  11:36  Marine  
  145  11:43  Marine  
  145  11:44  Marine  
  145  11:45  Marine  
  145  11:46  Marine  
  142  11:53  Siege Tank  
  117  11:54  Marine  
  117  12:01  Marine  
  115  12:02  Marine  
  115  12:03  Marine  
  115  12:04  Medivac x2, Marine  
  115  12:06  Barracks  
  115  12:07  Barracks x2  
  118  12:09  Barracks  
  118  12:12  Marine  
  103  12:18  Marine  
  103  12:20  Marine  
  103  12:21  Marine  
  103  12:22  Marine  
Show
View Real Time Build Order
Export as new Build Order

INnoVation Terran - Winner!

Build Orders:  

Get SALT Encoding   

  12  0:00  SCV  
  13  0:12  SCV  
  14  0:17  Supply Depot  
  14  0:24  SCV  
  15  0:38  SCV  
  15  0:39  Barracks  
  16  0:43  Refinery  
  16  0:50  SCV  
  16  0:52  Refinery  
  17  1:02  SCV  
  18  1:15  SCV  
  19  1:26  Reaper  
  19  1:27  Supply Depot, Orbital Command  
  20  1:41  Factory  
  20  1:52  SCV  
  21  1:58  Reaper  
  22  2:04  SCV  
  23  2:16  SCV  
  23  2:20  Command Center  
  24  2:28  SCV  
  25  2:32  Starport  
  25  2:37  Barracks Reactor  
  25  2:40  SCV  
  25  2:43  Supply Depot  
  26  2:46  Factory Tech Lab  
  26  2:53  SCV  
  27  3:05  SCV  
  28  3:13  Refinery  
  28  3:15  Marine x2  
  28  3:17  SCV  
  28  3:18  Raven  
  33  3:23  Factory Tech Lab  
  33  3:29  SCV  
  33  3:32  Orbital Command  
  33  3:33  Marine x2  
  37  3:41  SCV  
  37  3:45  Siege Tank  
  40  3:51  Marine x2  
  40  3:53  SCV  
  43  3:58  SCV  
  43  4:00  Supply Depot  
  44  4:05  SCV  
  44  4:08  Raven  
  44  4:09  Marine x2  
  49  4:13  Supply Depot  
  49  4:14  SCV  
  50  4:17  SCV  
  50  4:23  Siege Tank  
  54  4:26  Marine x2  
  54  4:28  SCV  
  54  4:29  SCV  
  58  4:34  Supply Depot  
  58  4:41  SCV x2  
  60  4:47  Command Center  
  60  4:54  SCV x2  
  60  4:56  Refinery  
  62  5:03  Supply Depot, Viking x2  
  66  5:07  SCV  
  66  5:08  SCV  
  66  5:13  Siege Tank  
  71  5:17  Stimpack  
  71  5:19  SCV  
  71  5:20  SCV  
  73  5:22  Marine  
  74  5:32  SCV x2  
  74  5:33  Viking  
  74  5:35  Viking  
  80  5:41  Supply Depot  
  80  5:42  Supply Depot  
  80  5:47  SCV x2  
  80  5:51  Siege Tank  
  83  5:59  Orbital Command  
  83  6:02  SCV  
  83  6:03  SCV  
  85  6:04  Marine  
  85  6:09  Viking x2  
  87  6:15  SCV x2  
  89  6:22  Marine  
  89  6:23  Siege Tank  
  93  6:31  SCV x2  
  94  6:33  SCV  
  94  6:34  Barracks  
  94  6:36  Barracks  
  95  6:42  Viking x2  
  95  6:45  SCV x2  
  101  6:47  SCV  
  101  6:52  Marine  
  103  6:56  Siege Tank  
  105  7:02  Orbital Command  
  105  7:08  SCV x2  
  94  7:10  Marine  
  94  7:13  Engineering Bay  
  94  7:14  Engineering Bay  
  94  7:15  Viking x2  
  92  7:20  SCV x2  
  94  7:28  Marine, Barracks Reactor  
  95  7:32  Barracks Reactor  
  95  7:33  SCV  
  95  7:34  SCV x2  
  98  7:37  Barracks  
  98  7:38  Barracks, Siege Tank  
  98  7:43  Terran Infantry Weapons Level 1  
  101  7:44  Terran Infantry Armor Level 1  
  101  7:46  Combat Shield  
  101  7:48  Marine  
  102  7:53  SCV x3  
  102  7:57  Supply Depot  
  102  7:58  Supply Depot  
  105  8:00  Medivac x2  
  105  8:03  Refinery  
  105  8:04  Refinery  
  109  8:08  Marine x5, Sensor Tower  
  109  8:11  SCV x3  
  117  8:14  Supply Depot  
  117  8:19  Siege Tank  
  120  8:20  Supply Depot  
  120  8:25  SCV x2, Marine x2  
  120  8:26  SCV, Marine x3  
  128  8:29  Barracks Reactor  
  128  8:30  Supply Depot, Barracks Reactor  
  128  8:36  Missile Turret  
  128  8:38  Missile Turret  
  127  8:43  Marine x3  
  127  8:44  Marine x2  
  132  8:49  Armory  
  132  8:50  Medivac x2, Command Center  
  132  8:51  Siege Tank  
  139  9:01  Marine x4  
  139  9:02  Marine  
  144  9:07  Marine x4  
  148  9:19  Marine x4  
  148  9:22  Medivac x2, Supply Depot  
  148  9:24  Supply Depot  
  157  9:25  Supply Depot  
  157  9:27  Marine  
  157  9:28  Factory  
  157  9:36  Barracks Reactor  
  157  9:43  Marine x2, Terran Infantry Armor Level 2, Terran Infantry Weapons Level 2  
  157  9:44  SCV, Marine x2, Siege Tank  
  167  9:45  SCV x2  
  167  9:46  Missile Turret  
  167  9:51  Missile Turret  
  167  9:54  Medivac x2  
  167  9:57  SCV, Marine x4  
  176  10:01  Marine x3  
  176  10:02  SCV  
  176  10:05  Planetary Fortress  
  180  10:14  Marine, Missile Turret  
  180  10:15  Marine x2, Siege Tank  
  180  10:20  Marine x5  
  191  10:26  Liberator  
  194  10:35  Liberator  
  193  10:37  Marine  
  193  10:38  Marine  
  192  10:47  Siege Tank  
  192  10:49  Marine  
  196  10:50  Terran Vehicle Weapons Level 1  
  196  10:56  Marine x3  
  196  11:05  SCV x2, Marine  
  196  11:07  Marine  
  196  11:14  Barracks, Refinery  
  196  11:15  Barracks, Refinery  
  196  11:18  Barracks  
  196  11:24  Command Center  
  196  11:33  Marine x3  
  196  11:34  Marine  
  196  11:36  Marine x2  
  196  11:37  SCV, Marine x2  
  196  11:38  Siege Tank x2  
  189  11:41  Marine  
  189  11:46  Marine  
  185  11:50  Liberator x2  
  185  11:51  Marine x4  
  186  11:54  Marine x3  
  186  11:55  Marine  
  186  11:59  Marine  
  186  12:00  Barracks Reactor  
  178  12:01  SCV x2  
  178  12:02  SCV x2  
  178  12:04  Marine, Barracks Reactor  
  175  12:10  Marine, Siege Tank x2  
  175  12:11  Marine x4  
  175  12:12  Marine x3  
  175  12:15  Marine  
  172  12:17  Marine  
  172  12:21  Marine  
  174  12:28  Marine x3  
  174  12:29  Marine  
  179  12:35  Barracks Reactor  

Tags
 
Add a new tag
Caveats
  • Supply blocks, unpowered buildings, or Contaminate may cause inaccurate times.
  • Supply counts are checked every 10 seconds.